IL
LAS VEGAS 51S @ RENO ACES
06/20/2049
 
TOP OF THE 1ST
Las Vegas 51s batting - Pitching for Reno Aces : RHP Sipi Mäkitie
Pitching: RHP Sipi Mäkitie
Batting: RHB Billy Walker 0-0: Ground out 4-3 (Groundball, 4, EV 85.6 MPH)
Batting: SHB Masatoshi Akahoshi 0-0: Called Strike
0-1: Ball
1-1: Ball
2-1: SINGLE (Line Drive, 5L, EV 97.5 MPH)
Batting: LHB Bill Armijo 0-0: Fly out, F8 (Flyball, 8LS, EV 75.0 MPH)
Batting: RHB Andy Carrell 0-0: Ball
1-0: Ball
2-0: Called Strike
2-1: SINGLE (Groundball, 25, EV 73.1 MPH) (infield hit)
Masatoshi Akahoshi to second
Batting: SHB Nelson Powell 0-0: Foul Ball, location: 2F
0-1: Ball
1-1: Swinging Strike
1-2: Ground out 4-3 (Groundball, 4, EV 102.5 MPH)
Top of the 1st over - 0 runs, 2 hits, 0 errors, 2 left on base; Las Vegas 0 - Reno 0
BOTTOM OF THE 1ST
Reno Aces batting - Pitching for Las Vegas 51s : RHP Tony Castellanos
Pitching: RHP Tony Castellanos
Batting: LHB Willie Gutierrez 0-0: Ball
1-0: Called Strike
1-1: TRIPLE (Line Drive, 89XD, EV 104.4 MPH)
Batting: RHB Danny Gerardo 0-0: Called Strike
0-1: SINGLE (Line Drive, 89M, EV 100.6 MPH)
Willie Gutierrez scores
Batting: LHB Bobby Arevalo 0-0: Called Strike
0-1: Swinging Strike
0-2: Fly out, F8 (Flyball, 8RXD, EV 90.6 MPH)
Batting: SHB Gerardo Flores 0-0: Ball
1-0: Ball
2-0: Foul Ball, location: 2F
2-1: SINGLE (Line Drive, 56, EV 93.8 MPH)
Danny Gerardo to second
Batting: LHB Ian Jarvis 0-0: Ball
1-0: Ball
2-0: Foul Ball, location: 2F
2-1: Ball
3-1: Foul Ball, location: 2F
3-2: Strikes out swinging
Batting: LHB Soo-yeon Kym 0-0: Called Strike
0-1: Foul Ball, location: 2F
0-2: Ground out 2-3 (Groundball, 2L, EV 68.1 MPH)
Bottom of the 1st over - 1 run, 3 hits, 0 errors, 2 left on base; Las Vegas 0 - Reno 1
TOP OF THE 2ND
Las Vegas 51s batting - Pitching for Reno Aces : RHP Sipi Mäkitie
Batting: RHB Jayden Copeland 0-0: Foul Ball, location: 2F
0-1: Swinging Strike
0-2: Fly out, F5 (Popup, 56, EV 70.0 MPH)
Batting: RHB Elias Urbina 0-0: Called Strike
0-1: Swinging Strike
0-2: Ball
1-2: Ball
2-2: Strikes out looking
Batting: RHB Omar Novoa 0-0: DOUBLE (Flyball, 8LD, EV 108.8 MPH)
Batting: RHB Koen van Oort 0-0: Fly out, F8 (Flyball, 78D, EV 86.9 MPH)
Top of the 2nd over - 0 runs, 1 hit, 0 errors, 1 left on base; Las Vegas 0 - Reno 1
BOTTOM OF THE 2ND
Reno Aces batting - Pitching for Las Vegas 51s : RHP Tony Castellanos
Batting: RHB Nick Beecher 0-0: Ball
1-0: SINGLE (Groundball, 6MD, EV 96.9 MPH)
Batting: RHB Yutaka Oki 0-0: Ball
1-0: Ball
2-0: Called Strike
2-1: SINGLE (Groundball, 34S, EV 69.4 MPH) (infield hit)
Nick Beecher to second
Batting: RHB Franklin Villanueva 0-0: Ball
1-0: Ball
2-0: Foul Ball, location: 2F
2-1: Foul Ball, location: 2F
2-2: Ball
3-2: Foul Ball, location: 2F
3-2: Base on Balls
Nick Beecher to third
Yutaka Oki to second
Batting: LHB Willie Gutierrez 0-0: Ball
1-0: Ball
2-0: Called Strike
2-1: Called Strike
2-2: SINGLE (Groundball, 56D, EV 95.0 MPH)
Nick Beecher scores
Yutaka Oki to third
Franklin Villanueva to second
Runner from 3rd tries for Home, SAFE, throw by LF to home
Batting: RHB Danny Gerardo 0-0: Swinging Strike
0-1: Foul Ball, location: 2F
0-2: Ball
1-2: Ball
2-2: Ball
3-2: Ground out 5-3 (Groundball, 56, EV 86.2 MPH)
Franklin Villanueva to third
Willie Gutierrez to second
Batting: LHB Bobby Arevalo 0-0: Swinging Strike
0-1: Foul Ball, location: 2F
0-2: Ball
1-2: Foul Ball, location: 2F
1-2: Foul Ball, location: 2F
1-2: Foul Ball, location: 2F
1-2: Strikes out swinging
Batting: SHB Gerardo Flores 0-0: Ball
1-0: Ball
2-0: Foul Ball, location: 2F
2-1: Foul Ball, location: 2F
2-2: Ball
3-2: Foul Ball, location: 2F
3-2: Foul Ball, location: 2F
3-2: Foul Ball, location: 2F
3-2: Hit by Pitch
Batting: LHB Ian Jarvis 0-0: Ball
1-0: Foul Ball, location: 2F
1-1: Ball
2-1: Foul Ball, location: 2F
2-2: DOUBLE (Line Drive, 7LS, EV 110.6 MPH)
Franklin Villanueva scores
Willie Gutierrez scores
Gerardo Flores to third
Runner from 3rd tries for Home, SAFE, throw by LF to home
Pitching: RHP Barney Pederson
Batting: LHB Soo-yeon Kym 0-0: Called Strike
0-1: SINGLE (Groundball, 6MD, EV 100.6 MPH)
Ian Jarvis to third
Runner from 3rd tries for Home, SAFE, throw by CF to home
Batting: RHB Nick Beecher 0-0: Ball
1-0: Foul Ball, location: 2F
1-1: Ball
2-1: Ball
3-1: Base on Balls
Soo-yeon Kym to second
Batting: RHB Yutaka Oki 0-0: Foul Ball, location: 2F
0-1: Ball
1-1: Called Strike
1-2: Ball
2-2: Fielders Choice at 2nd, 6-4 (Groundball, 6, EV 80.6 MPH)
Bottom of the 2nd over - 6 runs, 5 hits, 0 errors, 2 left on base; Las Vegas 0 - Reno 7
TOP OF THE 3RD
Las Vegas 51s batting - Pitching for Reno Aces : RHP Sipi Mäkitie
Batting: RHB Billy Walker 0-0: Foul Ball, location: 2F
0-1: Ground out 6-3 (Groundball, 6, EV 96.9 MPH)
Batting: SHB Masatoshi Akahoshi 0-0: SINGLE (Line Drive, 89M, EV 105.6 MPH)
Batting: LHB Bill Armijo 0-0: Ball
1-0: Foul Ball, location: 2F
1-1: Ball
2-1: Fly out, F8 (Flyball, 8LM, EV 76.9 MPH)
Batting: RHB Andy Carrell 0-0: Called Strike
0-1: Ball
1-1: 2-RUN HOME RUN (Flyball, 7LD, EV 100.0 MPH), Distance : 368 ft
Batting: SHB Nelson Powell 0-0: Called Strike
0-1: Ground out 4-3 (Groundball, 4, EV 80.0 MPH)
Top of the 3rd over - 2 runs, 2 hits, 0 errors, 0 left on base; Las Vegas 2 - Reno 7
BOTTOM OF THE 3RD
Reno Aces batting - Pitching for Las Vegas 51s : RHP Barney Pederson
Batting: RHB Franklin Villanueva 0-0: Ball
1-0: Ball
2-0: Ball
3-0: Base on Balls
Batting: LHB Willie Gutierrez 0-0: Ball
1-0: Ball
2-0: SINGLE (Groundball, 34S, EV 63.1 MPH) (infield hit)
Franklin Villanueva to second
Batting: RHB Danny Gerardo 0-0: Called Strike
0-1: Foul Ball, location: 2F
0-2: Fielders Choice at 2nd, 2-4 (Groundball, 2L, EV 70.6 MPH)
Franklin Villanueva to third
Batting: LHB Bobby Arevalo 0-0: Ball
1-0: Called Strike
Danny Gerardo steals 2nd base (no throw)
1-1: Foul Ball, location: 2F
1-2: Ground out 4-3 (Groundball, 4, EV 80.0 MPH)
Franklin Villanueva scores
Danny Gerardo to third
Batting: SHB Gerardo Flores 0-0: Ball
1-0: Ball
2-0: Foul Ball, location: 2F
2-1: Ball
3-1: Swinging Strike
3-2: Foul Ball, location: 2F
3-2: Fly out, F7 (Flyball, 7D, EV 103.1 MPH)
Bottom of the 3rd over - 1 run, 1 hit, 0 errors, 1 left on base; Las Vegas 2 - Reno 8
TOP OF THE 4TH
Las Vegas 51s batting - Pitching for Reno Aces : RHP Sipi Mäkitie
Batting: RHB Jayden Copeland 0-0: Ball
1-0: Ball
2-0: Ground out 4-3 (Groundball, 4S, EV 71.9 MPH)
Batting: RHB Elias Urbina 0-0: Called Strike
0-1: Ball
1-1: Ball
2-1: Foul Ball, location: 2F
2-2: Strikes out looking
Batting: RHB Omar Novoa 0-0: Ball
1-0: Called Strike
1-1: Called Strike
1-2: Strikes out swinging
Top of the 4th over - 0 runs, 0 hits, 0 errors, 0 left on base; Las Vegas 2 - Reno 8
BOTTOM OF THE 4TH
Reno Aces batting - Pitching for Las Vegas 51s : RHP Barney Pederson
Batting: LHB Ian Jarvis 0-0: Ball
1-0: Foul Ball, location: 2F
1-1: Foul Ball, location: 2F
1-2: SINGLE (Groundball, 56, EV 104.4 MPH)
Batting: LHB Soo-yeon Kym 0-0: Ball
1-0: Called Strike
1-1: Called Strike
1-2: Ball
2-2: Foul Ball, location: 2F
2-2: Ball
3-2: Fielders Choice at 2nd, 1-6 (Groundball, P, EV 68.8 MPH)
Batting: RHB Nick Beecher 0-0: SINGLE (Groundball, 6MD, EV 97.5 MPH)
Soo-yeon Kym to second
Batting: RHB Yutaka Oki 0-0: Called Strike
0-1: Ball
1-1: Foul Ball, location: 2F
1-2: Ball
2-2: Grounds into double play, 6-4-3 (Groundball, 56, EV 84.4 MPH)
Bottom of the 4th over - 0 runs, 2 hits, 0 errors, 1 left on base; Las Vegas 2 - Reno 8
TOP OF THE 5TH
Las Vegas 51s batting - Pitching for Reno Aces : RHP Sipi Mäkitie
Batting: RHB Koen van Oort 0-0: Ground out 4-3 (Groundball, 4, EV 100.6 MPH)
Batting: RHB Billy Walker 0-0: Ball
1-0: Called Strike
1-1: Ball
2-1: Foul Ball, location: 2F
2-2: Ball
3-2: Ground out 4-3 (Groundball, 6MD, EV 103.8 MPH)
Batting: SHB Masatoshi Akahoshi 0-0: Called Strike
0-1: Foul Ball, location: 2F
0-2: Strikes out swinging
Top of the 5th over - 0 runs, 0 hits, 0 errors, 0 left on base; Las Vegas 2 - Reno 8
BOTTOM OF THE 5TH
Reno Aces batting - Pitching for Las Vegas 51s : RHP Barney Pederson
Batting: RHB Franklin Villanueva 0-0: Ball
1-0: Ball
2-0: Foul Ball, location: 2F
2-1: Swinging Strike
2-2: Fly out, F7 (Line Drive, 7S, EV 87.5 MPH)
Batting: LHB Willie Gutierrez 0-0: Ball
1-0: Ground out 4-3 (Groundball, 4MS, EV 68.1 MPH)
Batting: RHB Danny Gerardo 0-0: Ball
1-0: Foul Ball, location: 2F
1-1: Ground out 6-3 (Groundball, 6, EV 108.1 MPH)
Bottom of the 5th over - 0 runs, 0 hits, 0 errors, 0 left on base; Las Vegas 2 - Reno 8
TOP OF THE 6TH
Las Vegas 51s batting - Pitching for Reno Aces : RHP Sipi Mäkitie
Batting: LHB Bill Armijo 0-0: Swinging Strike
0-1: Swinging Strike
0-2: Strikes out swinging
Batting: RHB Andy Carrell 0-0: Ground out 5-3 (Groundball, 56, EV 86.2 MPH)
Batting: SHB Nelson Powell 0-0: Ground out 1-3 (Groundball, 15S, EV 65.6 MPH)
Top of the 6th over - 0 runs, 0 hits, 0 errors, 0 left on base; Las Vegas 2 - Reno 8
BOTTOM OF THE 6TH
Reno Aces batting - Pitching for Las Vegas 51s : RHP Barney Pederson
Batting: LHB Bobby Arevalo 0-0: Ball
1-0: Called Strike
1-1: Ball
2-1: Foul Ball, location: 2F
2-2: Ball
3-2: Foul Ball, location: 2F
3-2: Strikes out swinging
Pitching: LHP Jonathan Gendron
Batting: SHB Gerardo Flores 0-0: Foul Ball, location: 2F
0-1: Foul Ball, location: 2F
0-2: Ball
1-2: Foul Ball, location: 2F
1-2: Ball
2-2: Foul Ball, location: 2F
2-2: Strikes out swinging
Batting: LHB Ian Jarvis 0-0: Called Strike
0-1: Ball
1-1: Hit by Pitch
Batting: LHB Soo-yeon Kym 0-0: Fly out, F8 (Flyball, 8LXD, EV 94.4 MPH)
Bottom of the 6th over - 0 runs, 0 hits, 0 errors, 1 left on base; Las Vegas 2 - Reno 8
TOP OF THE 7TH
Las Vegas 51s batting - Pitching for Reno Aces : RHP Sipi Mäkitie
Pitching: LHP Nate Ciccarelli
Batting: RHB Jayden Copeland 0-0: Swinging Strike
0-1: Ball
1-1: Ground out 6-3 (Groundball, 6, EV 93.1 MPH)
Batting: RHB Elias Urbina 0-0: Foul Ball, location: 2F
0-1: Ball
1-1: Foul Ball, location: 2F
1-2: Ball
2-2: Ball
3-2: SINGLE (Line Drive, 8LS, EV 98.8 MPH)
Batting: RHB Omar Novoa 0-0: Swinging Strike
0-1: Ball
1-1: Grounds into double play, 4-6-3 (Groundball, 34D, EV 85.6 MPH)
Top of the 7th over - 0 runs, 1 hit, 0 errors, 0 left on base; Las Vegas 2 - Reno 8
BOTTOM OF THE 7TH
Reno Aces batting - Pitching for Las Vegas 51s : LHP Jonathan Gendron
Batting: RHB Nick Beecher 0-0: Ball
1-0: Ball
2-0: Foul Ball, location: 2F
2-1: Called Strike
2-2: Ball
3-2: Strikes out swinging
Batting: RHB Yutaka Oki 0-0: Ball
1-0: Called Strike
1-1: Foul Ball, location: 2F
1-2: Ball
2-2: Foul Ball, location: 2F
2-2: Ball
3-2: Ground out 4-3 (Groundball, 34, EV 81.9 MPH)
Batting: RHB Franklin Villanueva 0-0: Called Strike
0-1: Ball
1-1: Ball
2-1: Foul Ball, location: 2F
2-2: Foul Ball, location: 2F
2-2: Ball
3-2: Base on Balls
Batting: LHB Willie Gutierrez 0-0: Called Strike
0-1: Ball
Pickoff Throw to First - Out! 1-3
Bottom of the 7th over - 0 runs, 0 hits, 0 errors, 0 left on base; Las Vegas 2 - Reno 8
TOP OF THE 8TH
Las Vegas 51s batting - Pitching for Reno Aces : LHP Nate Ciccarelli
Batting: RHB Koen van Oort 0-0: Swinging Strike
0-1: Ball
1-1: Called Strike
1-2: Ball
2-2: Ball
3-2: Strikes out swinging
Batting: RHB Billy Walker 0-0: Ball
1-0: Ball
2-0: Fly out, F7 (Line Drive, 7, EV 99.4 MPH)
Batting: SHB Masatoshi Akahoshi 0-0: Ground out 5-3 (Groundball, 56, EV 106.9 MPH)
Top of the 8th over - 0 runs, 0 hits, 0 errors, 0 left on base; Las Vegas 2 - Reno 8
BOTTOM OF THE 8TH
Reno Aces batting - Pitching for Las Vegas 51s : LHP Jonathan Gendron
Batting: LHB Willie Gutierrez 0-0: Ball
1-0: Ball
2-0: Ball
3-0: Called Strike
3-1: Base on Balls
Batting: RHB Danny Gerardo 0-0: Ball
1-0: Swinging Strike
1-1: Foul Ball, location: 2F
1-2: Strikes out looking
Batting: LHB Bobby Arevalo 0-0: Called Strike
Willie Gutierrez is caught stealing 2nd base 2-6
0-1: Ball
1-1: Foul Ball, location: 2F
1-2: Fly out, F9 (Flyball, 9LM, EV 78.1 MPH)
Bottom of the 8th over - 0 runs, 0 hits, 0 errors, 0 left on base; Las Vegas 2 - Reno 8
TOP OF THE 9TH
Las Vegas 51s batting - Pitching for Reno Aces : LHP Nate Ciccarelli
Batting: LHB Bill Armijo 0-0: Ball
1-0: SINGLE (Groundball, 4M, EV 105.0 MPH) (infield hit)
Batting: RHB Andy Carrell 0-0: Fly out, F9 (Flyball, 9D, EV 101.2 MPH)
Batting: SHB Nelson Powell 0-0: Foul Ball, location: 2F
0-1: Ball
1-1: Ball
2-1: Ball
Wild Pitch!
Bill Armijo to second
3-1: Foul Ball, location: 2F
3-2: Base on Balls
Batting: RHB Jayden Copeland 0-0: Ball
1-0: Called Strike
1-1: Called Strike
1-2: Ball
Wild Pitch!
Bill Armijo to third
Nelson Powell to second
2-2: Fly out, F7 (Flyball, 78S, EV 79.4 MPH)
Batting: RHB Elias Urbina 0-0: Called Strike
0-1: Swinging Strike
0-2: Ball
1-2: Ball
2-2: Foul Ball, location: 2F
2-2: Ball
3-2: Foul Ball, location: 2F
3-2: Fly out, F8 (Flyball, 8LM, EV 85.0 MPH)
Top of the 9th over - 0 runs, 1 hit, 0 errors, 2 left on base; Las Vegas 2 - Reno 8
Sunday, July 16th , 2023 - OOTP Baseball 24.6 Build 69